APP
OREM OWLZ @ BOSTON (APP) RED SOX
06/18/2044
 
TOP OF THE 1ST
Orem Owlz batting - Pitching for Boston (APP) Red Sox : LHP Nick Barnes
Pitching: LHP Nick Barnes
Batting: SHB Butch Brown 0-0: Ball
1-0: Ball
2-0: Ball
3-0: Base on Balls
Batting: LHB Justin Alexander 0-0: Ball
1-0: Called Strike
1-1: Ball
2-1: Swinging Strike
2-2: Strikes out looking
Batting: RHB Ryan Pelletier 0-0: SINGLE (Groundball, 6D, EV 107.5 MPH)
Butch Brown to second
Runner from 2nd tries for 3rd, SAFE, throw by CF made to third
Batting: RHB Mike Alm 0-0: Swinging Strike
0-1: Ball
1-1: Ball
2-1: Foul Ball, location: 2F
2-2: Foul Ball, location: 2F
2-2: Foul Ball, location: 2F
2-2: Reached on error, E8 (Flyball, 78D, EV 94.4 MPH)
Butch Brown scores
Ryan Pelletier to third
Batting: LHB Brett Bugge 0-0: Hit by Pitch
Batting: RHB Danny Bjarnson 0-0: Swinging Strike
0-1: Reached on error, E3 (Groundball, 34S, EV 80.6 MPH)
Ryan Pelletier scores
Mike Alm to third
Brett Bugge to second
Batting: RHB J.R. Roberts 0-0: Ball
1-0: Ball
2-0: Ball
3-0: Base on Balls
Mike Alm scores
Brett Bugge to third
Danny Bjarnson to second
Batting: RHB Kinya Nishimura 0-0: Foul Ball, location: 2F
0-1: Fly out, F8 (Flyball, 78D, EV 101.2 MPH)
Runner from 3rd tags up, SCORES, throw by CF
Danny Bjarnson to third
Batting: RHB Malachi Ephron 0-0: Foul Ball, location: 2F
0-1: Swinging Strike
0-2: Strikes out swinging
Top of the 1st over - 4 runs, 1 hit, 2 errors, 2 left on base; Orem 4 - Boston (APP) 0
BOTTOM OF THE 1ST
Boston (APP) Red Sox batting - Pitching for Orem Owlz : RHP Eric Johnson
Pitching: RHP Eric Johnson
Batting: LHB Stanislav Parusov 0-0: Called Strike
0-1: Ball
1-1: Swinging Strike
1-2: Strikes out looking
Batting: RHB Matt Hinkle 0-0: Foul Ball, location: 2F
0-1: Called Strike
0-2: Strikes out swinging
Batting: RHB Frank Sokolosky 0-0: Ball
1-0: Foul Ball, location: 2F
1-1: SINGLE (Groundball, 34, EV 98.8 MPH) (infield hit)
Batting: RHB William Lung 0-0: Foul Ball, location: 2F
0-1: Ball
1-1: Ball
2-1: Called Strike
2-2: Foul Ball, location: 2F
2-2: Foul Ball, location: 2F
2-2: Ball
3-2: Base on Balls
Frank Sokolosky to second
Batting: LHB Frank Olivo 0-0: Ball
1-0: Foul Ball, location: 2F
1-1: Swinging Strike
1-2: Ball
2-2: Strikes out swinging
Bottom of the 1st over - 0 runs, 1 hit, 0 errors, 2 left on base; Orem 4 - Boston (APP) 0
TOP OF THE 2ND
Orem Owlz batting - Pitching for Boston (APP) Red Sox : LHP Nick Barnes
Batting: SHB Butch Brown 0-0: Foul Ball, location: 2F
0-1: Foul Ball, location: 2F
0-2: Ball
1-2: Ball
2-2: DOUBLE (Flyball, 78D, EV 86.9 MPH)
Batting: LHB Justin Alexander 0-0: Fly out, F9 (Flyball, 9S, EV 78.8 MPH)
Batting: RHB Ryan Pelletier 0-0: Called Strike
Butch Brown steals 3rd base (no throw)
0-1: Ball
1-1: Called Strike
1-2: Ball
2-2: Reached on error, E3 (Groundball, 34, EV 86.2 MPH)
Butch Brown scores
Batting: RHB Mike Alm 0-0: Called Strike
0-1: Ball
1-1: Ball
Ryan Pelletier steals 2nd base
2-1: 2-RUN HOME RUN (Line Drive, 7D, EV 105.6 MPH), Distance : 395 ft
Batting: LHB Brett Bugge 0-0: Ball
1-0: DOUBLE (Line Drive, 78D, EV 101.2 MPH)
Batting: RHB Danny Bjarnson 0-0: Ball
1-0: Foul Ball, location: 2F
1-1: Swinging Strike
1-2: TRIPLE (Line Drive, 78XD, EV 110.6 MPH)
Brett Bugge scores
Pitching: RHP Victor Fuentes
Batting: RHB J.R. Roberts 0-0: Called Strike
0-1: Ball
1-1: Ball
2-1: Called Strike
2-2: Ball
3-2: Base on Balls
Batting: RHB Kinya Nishimura 0-0: Ball
1-0: Foul Ball, location: 2F
1-1: Foul Ball, location: 2F
1-2: Ball
2-2: Fly out, F9 (Line Drive, 9D, EV 95.6 MPH)
Runner from 3rd tags up, SCORES, throw by RF
Batting: RHB Malachi Ephron 0-0: Swinging Strike
0-1: Called Strike
0-2: Ball
1-2: Strikes out swinging
Top of the 2nd over - 5 runs, 4 hits, 1 error, 1 left on base; Orem 9 - Boston (APP) 0
BOTTOM OF THE 2ND
Boston (APP) Red Sox batting - Pitching for Orem Owlz : RHP Eric Johnson
Batting: RHB Mike Strey 0-0: Ball
1-0: Called Strike
1-1: Called Strike
1-2: Ball
2-2: Ball
3-2: Base on Balls
Batting: RHB Dominique Paolozzi 0-0: SINGLE (Groundball, 34D, EV 108.1 MPH)
Mike Strey to second
Batting: RHB Paul Bennett 0-0: Fielders Choice at 2nd, 5-4 (Groundball, 56, EV 90.6 MPH)
Mike Strey to third
Batting: RHB Joe Booth 0-0: Ball
1-0: Ball
2-0: Called Strike
2-1: Called Strike
2-2: Fielders Choice at 2nd, 3-6 (Groundball, 34, EV 85.6 MPH)
Mike Strey scores
Batting: LHB Stanislav Parusov 0-0: Ball
Joe Booth steals 2nd base
1-0: Foul Ball, location: 2F
1-1: Foul Ball, location: 2F
1-2: Foul Ball, location: 2F
1-2: Ball
2-2: Foul Ball, location: 2F
2-2: Ground out U3 (Groundball, 34, EV 85.6 MPH)
Bottom of the 2nd over - 1 run, 1 hit, 0 errors, 1 left on base; Orem 9 - Boston (APP) 1
TOP OF THE 3RD
Orem Owlz batting - Pitching for Boston (APP) Red Sox : RHP Victor Fuentes
Batting: SHB Butch Brown 0-0: Ball
1-0: Ball
2-0: Called Strike
2-1: Ball
3-1: Foul Ball, location: 2F
3-2: Base on Balls
Batting: LHB Justin Alexander 0-0: Called Strike
0-1: Foul Ball, location: 2F
0-2: Foul Ball, location: 2F
0-2: Ball
1-2: Ball
2-2: Strikes out swinging
Batting: RHB Ryan Pelletier 0-0: Ball
Butch Brown steals 2nd base
1-0: SINGLE (Groundball, 4MD, EV 95.6 MPH)
Butch Brown to third
Runner from 3rd tries for Home, SAFE, throw by CF to home
Batting: RHB Mike Alm Pickoff Throw to First - Out! 1-3
0-0: Ball
1-0: Ball
2-0: Ball
3-0: Base on Balls
Batting: LHB Brett Bugge 0-0: Ball
1-0: Foul Ball, location: 2F
1-1: Fly out, F7 (Flyball, 78D, EV 100.0 MPH)
Top of the 3rd over - 1 run, 1 hit, 0 errors, 1 left on base; Orem 10 - Boston (APP) 1
BOTTOM OF THE 3RD
Boston (APP) Red Sox batting - Pitching for Orem Owlz : RHP Eric Johnson
Batting: RHB Matt Hinkle 0-0: Ball
1-0: SINGLE (Groundball, 56, EV 94.4 MPH)
Batting: RHB Frank Sokolosky 0-0: DOUBLE (Line Drive, 89D, EV 106.9 MPH)
Matt Hinkle to third
Batting: RHB William Lung 0-0: Swinging Strike
0-1: Ball
1-1: Ball
2-1: Foul Ball, location: 2F
2-2: Strikes out swinging
Batting: LHB Frank Olivo 0-0: Ball
1-0: Swinging Strike
1-1: Ball
2-1: Ground out 5-3 (Groundball, 56D, EV 105.0 MPH)
Matt Hinkle scores
Batting: RHB Mike Strey 0-0: Ground out 6-3 (Groundball, 56, EV 91.2 MPH)
Bottom of the 3rd over - 1 run, 2 hits, 0 errors, 1 left on base; Orem 10 - Boston (APP) 2
TOP OF THE 4TH
Orem Owlz batting - Pitching for Boston (APP) Red Sox : RHP Victor Fuentes
Batting: RHB Danny Bjarnson 0-0: Ball
1-0: Ball
2-0: Swinging Strike
2-1: Swinging Strike
2-2: Foul Ball, location: 2F
2-2: Ball
3-2: Base on Balls
Pitching: RHP Mike Tolley
Batting: RHB J.R. Roberts 0-0: Ball
1-0: Ball
2-0: Called Strike
2-1: Foul Ball, location: 2F
2-2: Strikes out swinging
Batting: RHB Kinya Nishimura 0-0: Ball
1-0: Ball
2-0: Ball
3-0: Called Strike
3-1: Fly out, F5 (Popup, 5SF, EV 70.0 MPH)
Batting: RHB Malachi Ephron 0-0: Foul Ball, location: 2F
0-1: Called Strike
0-2: Foul Ball, location: 2F
0-2: Strikes out swinging
Top of the 4th over - 0 runs, 0 hits, 0 errors, 1 left on base; Orem 10 - Boston (APP) 2
BOTTOM OF THE 4TH
Boston (APP) Red Sox batting - Pitching for Orem Owlz : RHP Eric Johnson
Batting: RHB Dominique Paolozzi 0-0: Called Strike
0-1: Ball
1-1: Foul Ball, location: 2F
1-2: Foul Ball, location: 2F
1-2: Ball
2-2: Fly out, F9 (Flyball, 9, EV 96.9 MPH)
Batting: RHB Paul Bennett 0-0: Ball
1-0: Ball
2-0: Swinging Strike
2-1: Ball
3-1: Called Strike
3-2: Strikes out swinging
Batting: RHB Joe Booth 0-0: Ground out 5-3 (Groundball, 56S, EV 86.2 MPH)
Bottom of the 4th over - 0 runs, 0 hits, 0 errors, 0 left on base; Orem 10 - Boston (APP) 2
TOP OF THE 5TH
Orem Owlz batting - Pitching for Boston (APP) Red Sox : RHP Mike Tolley
Batting: SHB Butch Brown 0-0: Ball
1-0: SINGLE (Groundball, 15S, EV 73.1 MPH) (infield hit)
Batting: LHB Justin Alexander 0-0: Called Strike
0-1: Ball
1-1: Swinging Strike
1-2: Foul Ball, location: 2F
1-2: SINGLE (Line Drive, 7LS, EV 104.4 MPH)
Butch Brown to second
Batting: RHB Ryan Pelletier 0-0: Fielders Choice at 2nd, 5-4 (Groundball, 5, EV 83.8 MPH)
Butch Brown to third
Batting: RHB Mike Alm 0-0: DOUBLE (Line Drive, 89D, EV 109.4 MPH)
Butch Brown scores
Ryan Pelletier to third
Runner from 3rd tries for Home, SAFE, throw by RF to home
Batting: LHB Brett Bugge 0-0: Swinging Strike
0-1: Ground out U3 (Groundball, 34S, EV 82.5 MPH)
Mike Alm to third
Batting: RHB Danny Bjarnson 0-0: Called Strike
0-1: Hit by Pitch
Batting: RHB J.R. Roberts 0-0: Foul Ball, location: 2F
0-1: Called Strike
0-2: Foul Ball, location: 2F
0-2: Strikes out looking
Top of the 5th over - 2 runs, 3 hits, 0 errors, 2 left on base; Orem 12 - Boston (APP) 2
BOTTOM OF THE 5TH
Boston (APP) Red Sox batting - Pitching for Orem Owlz : RHP Eric Johnson
Batting: LHB Stanislav Parusov 0-0: Ball
1-0: Ground out U3 (Groundball, 3S, EV 83.8 MPH)
Batting: RHB Matt Hinkle 0-0: SINGLE (Groundball, 6MD, EV 100.6 MPH)
Batting: RHB Frank Sokolosky 0-0: Foul Ball, location: 2F
0-1: Ball
1-1: Called Strike
Matt Hinkle steals 2nd base (no throw)
1-2: SINGLE (Groundball, 56, EV 95.6 MPH)
Matt Hinkle to third
Runner from 3rd tries for Home, throw by LF and OUT! 7-2
Batting: RHB William Lung 0-0: Ball
1-0: Foul Ball, location: 2F
1-1: Ball
2-1: Swinging Strike
2-2: Ball
3-2: SINGLE (Groundball, 56D, EV 93.8 MPH)
Frank Sokolosky to second
Frank Sokolosky to third
Batting: LHB Frank Olivo 0-0: Called Strike
0-1: Ball
1-1: Ball
2-1: Ball
Wild Pitch!
Frank Sokolosky scores
William Lung to second
3-1: Swinging Strike
3-2: Foul Ball, location: 2F
3-2: Foul Ball, location: 2F
3-2: Strikes out swinging
Bottom of the 5th over - 1 run, 3 hits, 0 errors, 1 left on base; Orem 12 - Boston (APP) 3
TOP OF THE 6TH
Orem Owlz batting - Pitching for Boston (APP) Red Sox : RHP Mike Tolley
Batting: RHB Kinya Nishimura 0-0: Ball
1-0: Fly out, F7 (Flyball, 7LS, EV 86.2 MPH)
Batting: RHB Malachi Ephron 0-0: Called Strike
0-1: Called Strike
0-2: Ball
1-2: Foul Ball, location: 2F
1-2: Strikes out swinging
Batting: SHB Butch Brown 0-0: Foul Ball, location: 2F
0-1: Foul Ball, location: 2F
0-2: Fly out, F8 (Line Drive, 8LM, EV 93.8 MPH)
Top of the 6th over - 0 runs, 0 hits, 0 errors, 0 left on base; Orem 12 - Boston (APP) 3
BOTTOM OF THE 6TH
Boston (APP) Red Sox batting - Pitching for Orem Owlz : RHP Eric Johnson
Batting: RHB Mike Strey 0-0: Ball
1-0: Ball
2-0: TRIPLE (Flyball, 89XD, EV 108.1 MPH)
Batting: RHB Dominique Paolozzi 0-0: Foul Ball, location: 2F
0-1: Ball
1-1: Foul Ball, location: 2F
1-2: Ball
2-2: Strikes out swinging
Batting: RHB Paul Bennett 0-0: Called Strike
0-1: Ball
1-1: Fly out, F8 (Flyball, 89S, EV 76.2 MPH)
Batting: RHB Joe Booth 0-0: Ball
1-0: Foul Ball, location: 2F
1-1: Ball
2-1: Swinging Strike
2-2: Fly out, F8 (Flyball, 8RM, EV 90.6 MPH)
Bottom of the 6th over - 0 runs, 1 hit, 0 errors, 1 left on base; Orem 12 - Boston (APP) 3
TOP OF THE 7TH
Orem Owlz batting - Pitching for Boston (APP) Red Sox : RHP Mike Tolley
Pitching: RHP Victor Escobar
Batting: LHB Justin Alexander 0-0: Ball
1-0: Ball
2-0: Called Strike
2-1: SINGLE (Line Drive, 8LS, EV 111.2 MPH)
Batting: RHB Ryan Pelletier 0-0: Called Strike
Justin Alexander is caught stealing 2nd base 2-4
0-1: Called Strike
0-2: Foul Ball, location: 2F
0-2: Ball
1-2: Foul Ball, location: 2F
1-2: Ball
2-2: Ball
3-2: Ground out 6-3 (Groundball, 6, EV 93.1 MPH)
Batting: RHB Mike Alm 0-0: Foul Ball, location: 2F
0-1: Swinging Strike
0-2: Strikes out swinging
Top of the 7th over - 0 runs, 1 hit, 0 errors, 0 left on base; Orem 12 - Boston (APP) 3
BOTTOM OF THE 7TH
Boston (APP) Red Sox batting - Pitching for Orem Owlz : RHP Eric Johnson
Pitching: RHP Owen Prouty
Batting: LHB Stanislav Parusov 0-0: Ball
1-0: Foul Ball, location: 2F
1-1: Ball
2-1: Foul Ball, location: 2F
2-2: Foul Ball, location: 2F
2-2: Foul Ball, location: 2F
2-2: Ball
3-2: Strikes out swinging
Batting: RHB Matt Hinkle 0-0: Called Strike
0-1: Ball
1-1: Ball
2-1: Ball
3-1: Called Strike
3-2: Foul Ball, location: 2F
3-2: Reached on error, E6 (Groundball, 6, EV 77.5 MPH)
Batting: RHB Frank Sokolosky 0-0: Ball
Matt Hinkle steals 3rd base (no throw)
1-0: DOUBLE (Line Drive, 89M, EV 100.0 MPH)
Matt Hinkle scores
Batting: RHB William Lung 0-0: Foul Ball, location: 2F
0-1: Swinging Strike
0-2: Foul Ball, location: 2F
0-2: Strikes out looking
Pitching: RHP Ed Raleigh
Pinch Hitting: RHB Rich Boysen 0-0: SINGLE (Groundball, 56, EV 97.5 MPH)
Frank Sokolosky to third
Runner from 3rd tries for Home, SAFE, throw by LF to home
Batting: RHB Mike Strey 0-0: Called Strike
0-1: DOUBLE (Line Drive, 8RXD, EV 102.5 MPH)
Rich Boysen to third
Batting: RHB Dominique Paolozzi 0-0: Called Strike
0-1: Ground out 6-3 (Groundball, 6, EV 87.5 MPH)
Bottom of the 7th over - 2 runs, 3 hits, 1 error, 2 left on base; Orem 12 - Boston (APP) 5
TOP OF THE 8TH
Orem Owlz batting - Pitching for Boston (APP) Red Sox : RHP Victor Escobar
Now at 1B: Rich Boysen
Batting: LHB Brett Bugge 0-0: Called Strike
0-1: Ball
1-1: Ball
2-1: Foul Ball, location: 2F
2-2: Ball
3-2: Ground out 5-3 (Groundball, 5L, EV 106.2 MPH)
Batting: RHB Danny Bjarnson 0-0: Called Strike
0-1: Ball
1-1: DOUBLE (Flyball, 89D, EV 105.6 MPH)
Batting: RHB J.R. Roberts 0-0: Foul Ball, location: 2F
0-1: Ball
1-1: Ball
2-1: Fly out, F5 (Line Drive, 5, EV 65.6 MPH)
Batting: RHB Kinya Nishimura 0-0: Called Strike
0-1: Foul Ball, location: 2F
0-2: Fly out, F6 (Line Drive, 6, EV 73.1 MPH)
Top of the 8th over - 0 runs, 1 hit, 0 errors, 1 left on base; Orem 12 - Boston (APP) 5
BOTTOM OF THE 8TH
Boston (APP) Red Sox batting - Pitching for Orem Owlz : RHP Ed Raleigh
Batting: RHB Paul Bennett 0-0: Ball
1-0: Foul Ball, location: 2F
1-1: Swinging Strike
1-2: Foul Ball, location: 2F
1-2: DOUBLE (Line Drive, 7LS, EV 115.0 MPH)
Pinch Hitting: LHB Eddie Contreras 0-0: SINGLE (Groundball, 34D, EV 105.0 MPH)
Paul Bennett to third
Runner from 3rd tries for Home, SAFE, throw by RF to home
Batting: LHB Stanislav Parusov 0-0: Ball
1-0: Ball
2-0: Ball
3-0: Base on Balls
Eddie Contreras to second
Batting: RHB Matt Hinkle 0-0: Called Strike
0-1: Fly out, F8 (Flyball, 8RM, EV 89.4 MPH)
Batting: RHB Frank Sokolosky 0-0: Called Strike
0-1: Ball
1-1: SINGLE (Groundball, 34D, EV 100.6 MPH)
Eddie Contreras to third
Stanislav Parusov to second
Pitching: RHP Tim Anderson
Pinch Hitting: SHB Eric Evans 0-0: Fly out, F9 (Line Drive, 9, EV 95.0 MPH)
Batting: RHB Rich Boysen 0-0: Ball
1-0: Ball
2-0: Ball
3-0: Called Strike
3-1: Base on Balls
Eddie Contreras scores
Stanislav Parusov to third
Frank Sokolosky to second
Batting: RHB Mike Strey 0-0: Ball
1-0: DOUBLE (Line Drive, 5D, EV 98.8 MPH)
Stanislav Parusov scores
Frank Sokolosky scores
Rich Boysen to third
Runner from 3rd tries for Home, SAFE, no throw by LF
Batting: RHB Dominique Paolozzi 0-0: Ball
1-0: Called Strike
1-1: Ball
2-1: Ground out 5-3 (Groundball, 56, EV 88.1 MPH)
Bottom of the 8th over - 5 runs, 4 hits, 0 errors, 1 left on base; Orem 12 - Boston (APP) 10
TOP OF THE 9TH
Orem Owlz batting - Pitching for Boston (APP) Red Sox : RHP Victor Escobar
Pitching: RHP Juan Mejia
Now in CF: Curt Stallings
Now in RF: Eric Evans
Pinch Hitting: LHB Nick Isaac 0-0: Ball
1-0: Foul Ball, location: 2F
1-1: Foul Ball, location: 2F
1-2: Ball
2-2: Ball
3-2: Base on Balls
Batting: SHB Butch Brown 0-0: Sac Bunt to P - play at first, batter OUT! 1-3
Nick Isaac to second
Batting: LHB Justin Alexander 0-0: Ground out 4-3 (Groundball, 34, EV 102.5 MPH)
Nick Isaac to third
Batting: RHB Ryan Pelletier 0-0: Ball
1-0: Ball
2-0: Called Strike
2-1: Ball
3-1: Base on Balls
Batting: RHB Mike Alm 0-0: Ball
1-0: Ball
2-0: Ball
3-0: Base on Balls
Ryan Pelletier to second
Batting: LHB Brett Bugge 0-0: Ball
1-0: Foul Ball, location: 2F
1-1: Foul Ball, location: 2F
1-2: Ball
2-2: DOUBLE (Line Drive, 9LS, EV 106.2 MPH)
Nick Isaac scores
Ryan Pelletier scores
Mike Alm to third
Batting: RHB Danny Bjarnson 0-0: Foul Ball, location: 2F
0-1: Called Strike
0-2: Ground out U3 (Groundball, 34, EV 83.1 MPH)
Top of the 9th over - 2 runs, 1 hit, 0 errors, 2 left on base; Orem 14 - Boston (APP) 10
BOTTOM OF THE 9TH
Boston (APP) Red Sox batting - Pitching for Orem Owlz : RHP Tim Anderson
Pitching: RHP Simon Vogel
Now at SS: Winikeneke Keikemamake
Now in RF: Danny Bjarnson
Batting: RHB Paul Bennett 0-0: Ball
1-0: Ball
2-0: Called Strike
2-1: Ball
3-1: Called Strike
3-2: Ground out 3-1 (Groundball, 34S, EV 91.9 MPH)
Batting: RHB Curt Stallings 0-0: Ball
1-0: Ball
2-0: Called Strike
2-1: Ball
3-1: Base on Balls
Batting: LHB Stanislav Parusov 0-0: Ball
1-0: Ball
2-0: Called Strike
2-1: Ball
3-1: Foul Ball, location: 2F
3-2: Foul Ball, location: 2F
3-2: Base on Balls
Curt Stallings to second
Pitching: RHP Troy Ingram
Batting: RHB Matt Hinkle 0-0: Swinging Strike
0-1: Called Strike
0-2: Foul Ball, location: 2F
0-2: Ball
1-2: Strikes out swinging
Batting: RHB Frank Sokolosky 0-0: Ball
1-0: DOUBLE (Line Drive, 7LM, EV 103.8 MPH)
Curt Stallings scores
Stanislav Parusov to third
Batting: SHB Eric Evans 0-0: Ball
1-0: Called Strike
1-1: Foul Ball, location: 2F
1-2: Strikes out looking
Bottom of the 9th over - 1 run, 1 hit, 0 errors, 2 left on base; Orem 14 - Boston (APP) 11
Thursday, March 31st , 2022 - OOTP Baseball 22.12 Build 89